AoeStats
← [CL] Al3jandr0.magn00

Arabia

505988196Analyzed
1v1 RM · 20d ago on Sep 11, 2026· 25m 52s· 2 players
Game mode
Random Map
Map size
Tiny (2 player)
Population
200
Speed
Normal
Resources
Standard
Victory
Conquest
Starting age
Dark Age
Ending age
Imperial Age
RankedLock teamsTeams togetherTeam positionsShared explorationLock speedFull tech treeHidden civsTurbo modeCheats
Victory
Defeat
🇪🇸 Spanish · Spain
1811
+21
🇦🇷 Gurjaras · Argentina
1933
-21
NHN Forever
8:20 Loom
10:28 Feudal Age
17:26 Castle Age
16:22 Stone Mining
16:54 Double-Bit Axe
18:36 Padded Archer Armor
[CL] Al3jandr0.magn00
5:56 Loom
8:34 Feudal Age
9:05 Double-Bit Axe
23:58 Castle Age
22:13 Horse Collar
22:23 Gold Mining
23:17 Fletching
24:42 Bodkin Arrow
24:08 Crossbowman
Connection lost

Rejoining the realm…

Still unreachable

The connection could not be restored.

Session expired

The server has moved on; the page needs a fresh start.